 Dungeon Crawl Stone Soup version 0.29-a0-721-g7f417c9bbb (webtiles) character file.

Game seed: 4016880716234954798

232 spaghetti the Ogre Mage (level 6, 0/47 (53) HPs)
             Began as an Ogre Fire Elementalist on June 25, 2022.
             Slain by a wight
             ... wielding a +2 spear
              (3 damage)
             ... on level 3 of the Dungeon on June 27, 2022.
             The game lasted 00:04:56 (3100 turns).

spaghetti the Ogre Mage (Ogre Fire Elementalist)    Turns: 3100, Time: 00:04:56

HP:   0/47 (53)     AC:  3    Str: 13    XL:     6   Next: 4%
MP:   14/15         EV:  9    Int: 18    God:
Gold: 34            SH:  0    Dex:  9    Spells: 15/18 levels left

rFire   . . .      SeeInvis .   c - +1 flail (protect) {mace}
rCold   . . .      Faith    .   (no shield)
rNeg    . . .      Spirit   .   a - +0 robe
rPois   .          Reflect  .   (helmet restricted)
rElec   .          Harm     .   (no cloak)
rCorr   .          Rampage  .   (gloves unavailable)
Will    .....                   (boots unavailable)
Stlth   +.........              n - amulet of the acrobat
HPRegen 0.15/turn               (no ring)
MPRegen 0.14/turn               (no ring)

@: confused, ambrosia-drunk, heavily drained
A: large, unfitting armour, tough skin 1
a: no special abilities


You were on level 3 of the Dungeon.
You visited 1 branch of the dungeon, and saw 3 of its levels.

You collected 34 gold pieces.


Innate Abilities, Weirdness & Mutations

You are too large for most types of armour.
You have tough skin. (AC +1)


   Skills:
 - Level 1.7 Dodging
 - Level 1.4 Stealth
 + Level 6.8 Spellcasting
 - Level 0.8 Conjurations
 - Level 2.6 Fire Magic


You had 15 spell levels left.
You knew the following spells:

 Your Spells              Type           Power      Damage    Failure   Level
a - Foxfire               Conj/Fire      48%        2x1d6     5%          1
b - Scorch                Fire           30%        2d7       5%          2

Your spell library contained the following spells:

 Spells                   Type           Power      Damage    Failure   Level
 Conjure Flame            Conj/Fire      12%        6-21      16%         3
 Inner Flame              Hex/Fire       10%        N/A       19%         3
 Flame Wave               Conj/Fire      12%        2d6       47%         4

Inventory:

Hand Weapons
 c - a +1 flail of protection (weapon) {mace}
   (You took it off a gnoll on level 1 of the Dungeon)
Missiles
 h - 23 stones {throwing}
 l - 2 boomerangs {throwing}
Armour
 a - a +0 robe (worn)
Jewellery
 n - an amulet of the acrobat (around neck)
   (You found it on level 3 of the Dungeon)
Scrolls
 f - 2 scrolls of poison {unknown}
 m - a scroll of identify {unknown}
 o - a scroll of fog {unknown}
Potions
 b - a potion of magic
 g - a potion of mutation {unknown}
 i - a potion of flight {unknown}
 j - a potion of heal wounds {unknown}
 k - a potion of degeneration {unknown}
 p - a potion of haste {unknown}
 q - a potion of curing {unknown}

Dungeon Overview and Level Annotations

Branches:
Dungeon (3/15) Zot: 14888

Altars:

Annotations:
D:3 2 transporters, dornbeast's ghost, weakling FeMo

........## ........#
#.#..........
.........###.#..........
........................
...........#....#.......
..................!.....
................z.......
########.....#..........
.....[ยฉ##......ยง@z......
.#...#.8#....#.####.....
..#.#..r#.......# ...
......Jg#..)...># #
...ยฉ...W#ยฉ.)....#
.......S#)......#
..#.#..g#..######
.#...#.8#..# .......##..#


You could see 2 wights.


Message History

Things that are here:
a +2 scimitar of freezing {long}; a +0 robe ๐Ÿ˜• HP[+23]
You regained 23 hp, and now have 48/52 hp.
Dornbeast's ghost dodges and says, "Too slow!"
Key pressed, stopping explore.
Things that are here:
a +1 short sword {short}; a +0 robe Key pressed, stopping explore.
d - a smoky coppery potion Dornbeast's ghost whispers, "Everlasting silence awaits you..." ๐Ÿ˜Ž HP[+4]
Your hp is fully restored (52).
A wight comes into view. It is wielding a +2 spear.
A wight is nearby!
A wight is nearby!
A wight is nearby!
A wight is nearby!
A wight is nearby!
A wight is nearby!
A rat and a wight come into view.
The rat twitches its whiskers.
The rat misses you.
You barely miss the rat.
The wight hits you from afar with a +2 spear.
You feel drained. The rat completely misses you.
The wight hits you from afar with a +2 spear.
You feel drained. The rat closely misses you. ๐Ÿ˜• HP[-9]
You now have 49 max hp (-3).
You take 9 damage, and now have 43/49 hp.
Casting: Foxfire (safe; 5% risk of failure)
Confirm with . or Enter, or press ? or * to list all spells.
You conjure some foxfire!
The wight barely misses you. The wight misses you.
The rat bites you but does no damage. ๐Ÿ˜• MP[-1]
You lost 1 mp, and now have 14/15 mp.
Unknown command.
Casting: Foxfire (safe; 5% risk of failure)
Confirm with . or Enter, or press ? or * to list all spells.
You conjure some foxfire!
The foxfire hits the rat.
You kill the rat!
The foxfire hits the wight.
The wight hits you with a +2 flail.
You feel drained.
The wight hits you from afar with a +2 spear.
You feel drained. ๐Ÿ˜ฎ HP[-10] MP[-1]
You now have 47 max hp (-2).
You take 10 damage, and now have 33/47 hp.
MASSIVE DAMAGE!! (PAUSE)
You lost 1 mp, and now have 13/15 mp.
Unknown command.
Casting: Foxfire (safe; 5% risk of failure)
Confirm with . or Enter, or press ? or * to list all spells.
You conjure some foxfire!
The foxfire hits the wight.
The foxfire hits the wight but does no damage.
The wight hits you from afar with a +2 spear!
* * * LOW HITPOINT WARNING * * *
๐Ÿ˜จ HP[-11] MP[-1]
You take 11 damage, and now have 22/47 hp.
MASSIVE DAMAGE!! (PAUSE)
You lost 1 mp, and now have 12/15 mp.
Casting: Foxfire (safe; 5% risk of failure)
Confirm with . or Enter, or press ? or * to list all spells.
You conjure some foxfire!
The foxfire hits the wight.
The wight hits you from afar with a +2 spear.
* * * LOW HITPOINT WARNING * * *
๐Ÿ˜จ HP[-4] MP[-1]
You take 4 damage, and now have 18/47 hp.
You lost 1 mp, and now have 11/15 mp.
Casting: Foxfire (safe; 5% risk of failure)
Confirm with . or Enter, or press ? or * to list all spells.
You conjure some foxfire!
The foxfire hits the wight. x2
The wight hits you but does no damage.
The wight hits you from afar with a +2 spear!
* * * LOW HITPOINT WARNING * * *
๐Ÿ˜ฑ HP[-7] MP[-1]
You take 7 damage, and now have 11/47 hp.
You lost 1 mp, and now have 10/15 mp.
Casting: Foxfire (safe; 5% risk of failure)
Confirm with . or Enter, or press ? or * to list all spells.
You conjure some foxfire!
The foxfire hits the wight but does no damage.
The foxfire hits the wight.
The wight hits you with a +2 flail.
* * * LOW HITPOINT WARNING * * *
The wight closely misses you. ๐Ÿ˜ฑ HP[-3] MP[-1]
You take 3 damage, and now have 8/47 hp.
You lost 1 mp, and now have 9/15 mp.
Okay, then.
It was a potion of ambrosia.
You are confused.
You feel invigorated.
The foxfire hits the wight but does no damage. x2
The wight hits you with a +2 flail!
* * * LOW HITPOINT WARNING * * *
The wight hits you from afar with a +2 spear.
You die...

Skill      XL: |  1  2  3  4  5 |
---------------+----------------+-----
Spellcasting   | 3 4 5 6 |  6.8
Dodging        | |  1.7
Stealth        | |  1.4
Conjurations   | |  0.8
Fire Magic     | |  2.6

Action                   |  1- 3 |  4- 6 || total
-------------------------+-------+-------++-------
Melee: Flail             |    14 |    15 ||    29
 Cast: Foxfire           |    88 |    38 ||   126
  Use: Potion            |       |     4 ||     4
Armor: Robe              |    14 |     6 ||    20
       Skin              |       |    12 ||    12
Dodge: Dodged            |    18 |    10 ||    28

Levels and vault maps discovered:
D:1:      giann_wishing_wells, layout_loops_corners, hangedman_decor_push
D:2:      layout_basic, kennysheep_generic_room_3
D:3:      layout_rooms, gammafunk_ghost_arena, chequers_ecumenical_altar_twisty

Notes
Turn   | Place    | Note
-------+----------+-------------------------------------------
     0 | D:1      | spaghetti the Ogre Fire Elementalist began the quest for
                  | the Orb.
     0 | D:1      | Reached XP level 1. HP: 16/16 MP: 3/3
     0 | D:1      | magus.rc [v1.9.6]
   131 | D:1      | Reached skill level 3 in Spellcasting
   131 | D:1      | Reached XP level 2. HP: 24/24 MP: 0/6
   834 | D:1      | Reached XP level 3. HP: 28/31 MP: 0/8
   837 | D:1      | Learned a level 2 spell: Scorch
   910 | D:1      | Reached skill level 4 in Spellcasting
  2069 | D:2      | Upgraded the game from 0.29-a0-700-g2f1814c7b2 to
                  | 0.29-a0-717-g6dac4ea423
  2069 | D:2      | magus.rc [v1.9.6]
  2069 | D:2      | Upgraded the game from 0.29-a0-717-g6dac4ea423 to
                  | 0.29-a0-721-g7f417c9bbb
  2069 | D:2      | magus.rc [v1.9.6]
  2455 | D:3      | Reached XP level 4. HP: 39/39 MP: 3/10
  2577 | D:3      | Found a transporter.
  2578 | D:3      | Noticed dornbeast's ghost (weakling FeMo)
  2605 | D:3      | Reached skill level 5 in Spellcasting
  2673 | D:3      | Found a transporter.
  2698 | D:3      | HP: 11/57 [wight/+3 great sword (5)]
  2700 | D:3      | Reached XP level 5. HP: 13/45 MP: 0/13
  2805 | D:3      | Reached skill level 6 in Spellcasting
  2824 | D:3      | HP: 14/60 [wight/+2 scimitar of freezing (3)]
  2828 | D:3      | Reached XP level 6. HP: 12/52 MP: 0/15
  3098 | D:3      | HP: 11/47 [wight/+2 spear (7)]
  3100 | D:3      | HP: 3/47 [wight/+2 flail (8)]
  3100 | D:3      | Slain by a wight

Vanquished Creatures
  3 wights (D:3)
  A gnoll (D:1)
  2 adders (D:3)
  2 dart slugs (D:2)
  8 ball pythons (D:1)
  5 endoplasms
  A giant cockroach (D:1)
  3 hobgoblins
  2 kobolds (D:1)
  2 quokkas (D:1)
  5 bats
  A frilled lizard (D:2)
  6 goblins
  3 rats
44 creatures vanquished.

Vanquished Creatures (others)
  219 foxfires
219 creatures vanquished.

Grand Total: 263 creatures vanquished

Table legend:
 A = Non-vault XP
 B = Vault XP
 C = Vault XP percentage of total XP
 D = Non-vault monster count
 E = Vault monster count
 F = Vault count percentage of total count
                 A         B        C        D         E       F
            +---------+---------+-------+---------+---------+-------
      Total |     330 |       2 |   0.6 |      43 |       1 |   2.3
            +---------+---------+-------+---------+---------+-------
        D:1 |      49 |       0 |   0.0 |      24 |       0 |   0.0
        D:2 |      21 |       2 |   8.7 |       9 |       1 |  10.0
        D:3 |     260 |       0 |   0.0 |      10 |       0 |   0.0
            +---------+---------+-------+---------+---------+-------

Illustrated notes

Table legend:
 A = Kills in this place as a percentage of kills in entire the game.
 B = Kills by you in this place as a percentage of kills by you in the entire game.
 C = Kills by friends in this place as a percentage of kills by friends in the entire game.
 D = Other kills in this place as a percentage of other kills in the entire game.
 E = Experience gained in this place as a percentage of experience gained in the entire game.
 F = Experience gained in this place divided by the number of levels of this place that you have seen.
                   A       B       C       D       E      F
               +-------+-------+-------+-------+-------+----------------------
         Total | 100.0 | 100.0 |   N/A |   N/A | 100.0 | 110.7
       Dungeon | 100.0 | 100.0 |   N/A |   N/A | 100.0 | 110.7
               +-------+-------+-------+-------+-------+----------------------

Table legend: (Time is in decaauts)
 A = Elapsed time spent in this place.
 B = Non-inter-level travel time spent in this place.
 C = Inter-level travel time spent in this place.
 D = Time resting spent in this place.
 E = Time spent auto-exploring this place.
 F = Levels seen in this place.
 G = Mean time per level.
                   A        B        C        D        E       F      G
               +--------+--------+--------+--------+--------+-----+--------+
         Total |   3110 |   3083 |     27 |    332 |   2421 |   3 | 1036.7 |
       Dungeon |   3110 |   3083 |     27 |    332 |   2421 |   3 | 1036.7 |
               +--------+--------+--------+--------+--------+-----+--------+

Top non-repeatable levels by time:
     D:1: 1501 daAuts
     D:2: 869 daAuts
     D:3: 738 daAuts
